 Dungeon Crawl Stone Soup version 0.29.1-4-g47bece8355 (webtiles) character file.

Game seed: 5092328732122097492

197 safid the Shooter (level 5, -9/48 HPs)
             Began as a Minotaur Hunter on Dec 1, 2022.
             Killed by nerve-wracking pain
             ... invoked by Grinder
              (10 damage)
             ... while paralysed by Grinder
             ... on level 3 of the Dungeon.
             The game lasted 00:04:01 (2610 turns).

safid the Shooter (Minotaur Hunter)                 Turns: 2610, Time: 00:04:01

Health: -9/48      AC:  7    Str: 16    XL:     5   Next: 46%
Magic:  4/4        EV:  2    Int:  6    God:
Gold:   144        SH:  0    Dex: 15    Spells: 4/4 levels left

rFire   . . .      SeeInvis .   a - +0 shortbow
rCold   . . .      Faith    .   (shield currently unavailable)
rNeg    . . .      Spirit   .   g - +0 scale mail
rPois   .          Reflect  .   (helmet restricted)
rElec   .          Harm     .   (no cloak)
rCorr   .          Rampage  .   i - +0 pair of gloves
Will    .....                   (no boots)
Stlth   ..........              (no amulet)
HPRegen 0.16/turn               (no ring)
MPRegen 0.09/turn               (no ring)

@: paralysed, hasted
A: horns 2, retaliatory headbutt
a: no special abilities


You were on level 3 of the Dungeon.
You visited 1 branch of the dungeon, and saw 3 of its levels.

You collected 144 gold pieces.

Inventory:

Hand Weapons
 a - a +0 shortbow (weapon)
Armour
 g - a +0 scale mail (worn)
 i - a +0 pair of gloves (worn)
Jewellery
 b - a ring of magical power
Scrolls
 c - a scroll of blinking {unknown}
 h - 2 scrolls of identify {unknown}
 j - a scroll of enchant armour {unknown}
Potions
 d - 2 potions of curing
 f - 2 potions of degeneration {unknown}
 k - 2 potions of might {unknown}
 l - a potion of flight {unknown}


   Skills:
 + Level 5.2 Fighting
 + Level 6.1 Ranged Weapons
 - Level 2.1 Dodging
 - Level 0.7 Stealth


You had 4 spell levels left.
You didn't know any spells.
Your spell library contained the following spells:

 Spells                   Type           Power      Damage    Failure   Level
 Ignite Poison            Fire/Tmut/Pois 0%         N/A       99%         3
 Mephitic Cloud           Conj/Pois/Air  0%         N/A       99%         3
 Portal Projectile        Hex/Tloc       0%         N/A       99%         3
 Tukima's Dance           Hex            0%         N/A       99%         3
 Blade Hands              Tmut           0%         N/A       100%        5
 Freezing Cloud           Conj/Ice/Air   0%         6-21      100%        5


Dungeon Overview and Level Annotations

Branches:
Dungeon (3/15)

Altars:

Shops:
D:2 [

Annotations:
D:3 Grinder


Innate Abilities, Weirdness & Mutations

You have a pair of horns on your head.
You reflexively headbutt those who attack you in melee.


Message History

Grinder hits you but does no damage. Grinder hits you!
* * * LOW HITPOINT WARNING * * *
You writhe in agony.
* * * LOW HITPOINT WARNING * * *
Fire: a) +0 shortbow
Press: ? - help, Q - select action Shift-Dir - straight line, f/p - Grinder
Aim: Grinder (moderately wounded, 61% to hit)
You shoot an arrow. The arrow barely misses Grinder.
Grinder gestures at you.
You barely resist.
It was a potion of curing.
You feel better. Grinder barely misses you. You furiously retaliate!
You headbutt Grinder.
Fire: a) +0 shortbow
Press: ? - help, Q - select action Shift-Dir - straight line, f/p - Grinder
Aim: Grinder (moderately wounded, 61% to hit)
You shoot an arrow. The arrow closely misses Grinder.
Grinder blinks!
Unknown command.
Fire: a) +0 shortbow
Press: ? - help, Q - select action Shift-Dir - straight line, f/p - Grinder
Aim: Grinder (moderately wounded, 61% to hit)
You shoot an arrow.
The arrow hits Grinder but does no damage.
Grinder is moderately wounded.
Grinder blinks!
Fire: a) +0 shortbow
Press: ? - help, Q - select action Shift-Dir - straight line, f/p - Grinder
Aim: Grinder (moderately wounded, 61% to hit)
You shoot an arrow. The arrow barely misses Grinder.
Grinder hits you!
* * * LOW HITPOINT WARNING * * *
You writhe in agony.
* * * LOW HITPOINT WARNING * * *
Unknown command.
It was a potion of haste.
You feel yourself speed up. Grinder gestures at you.
You suddenly lose the ability to move!
Grinder gestures at you. Pain shoots through your body!
You die...

#....≈~P~..
#..~~≈≈~P~.
#[.~≈≈≈≈~P.
#..P.~≈≈~..
#...~~≈≈≈≈~
####...~~≈≈≈~.
#..'...~~≈≈≈≈
#.##.5..≈≈≈≈~
#.##.@..P~~≈≈
#.##.....~~≈≈
#.##....~.≈~≈
#.###.#..~~~≈
#.# #..#...P≈
#.# ##. ....≈
#.# ## ..~~
#.# #... #.#


You could see Grinder.

Vanquished Creatures
  An ogre (D:3)
  5 adders
  2 worms (D:2)
  2 dart slugs
  4 bats
  4 endoplasms
  2 giant cockroaches (D:1)
  10 goblins
  7 hobgoblins
  8 kobolds
  3 quokkas (D:1)
  3 ball pythons
  3 frilled lizards
  8 rats (D:1)
62 creatures vanquished.

Vanquished Creatures (others)
  5 plants (D:3)
5 creatures vanquished.

Grand Total: 67 creatures vanquished

Notes
Turn   | Place    | Note
-------+----------+-------------------------------------------
     0 | D:1      | safid the Minotaur Hunter began the quest for the Orb.
     0 | D:1      | Reached XP level 1. HP: 18/18 MP: 0/0
   153 | D:1      | Reached XP level 2. HP: 25/25 MP: 1/1
   675 | D:1      | Reached XP level 3. HP: 31/31 MP: 2/2
   691 | D:1      | Reached skill level 5 in Ranged Weapons
  1220 | D:2      | Found Qachushe's Antique Armour Shop.
  1368 | D:2      | Found a faded altar of an unknown god.
  1415 | D:2      | Reached XP level 4. HP: 30/40 MP: 3/3
  2318 | D:3      | Noticed an ogre
  2325 | D:3      | Killed an ogre
  2326 | D:3      | Reached skill level 5 in Fighting
  2326 | D:3      | Reached skill level 6 in Ranged Weapons
  2326 | D:3      | Reached XP level 5. HP: 14/48 MP: 4/4
  2591 | D:3      | Noticed Grinder
  2595 | D:3      | Paralysed by Grinder for 4 turns
  2608 | D:3      | HP: 1/48 [Grinder (6)]
  2609 | D:3      | Paralysed by Grinder for 4 turns
  2610 | D:3      | Killed from afar by Grinder

Illustrated notes

Levels and vault maps discovered:
D:1:      amcnicky_arrival_gap_in_the_tavern_cellar, layout_basic,
          minmay_rat_gold_closets
D:2:      layout_loops_ring, serial_shops, shop,
          hellmonk_ecumenical_altar_pennies_from_heaven,
          minmay_misc_feat_plants, uniq_crazy_yiuf_cottage
D:3:      layout_basic, chequers_big_river, grunt_decor_mini_mirrors,
          minmay_crystal_room, dk_vineyard_1, uniq_grinder, uniq_robin

Skill      XL: |  1  2  3  4 |
---------------+-------------+-----
Fighting       | 3 4 5 |  5.2
Ranged Weapons | 5 6 |  6.1
Dodging        | |  2.1
Stealth        | |  0.7

Action                   |  1- 3 |  4- 6 || total
-------------------------+-------+-------++-------
 Fire: Shortbow          |   119 |    93 ||   212
  Use: Potion            |       |     2 ||     2
Armor: Leather armour    |     6 |       ||     6
       Scale mail        |    25 |    23 ||    48
Dodge: Dodged            |    51 |    30 ||    81
